 Dungeon Crawl Stone Soup version 0.18-b1-2-gd0c887e (webtiles) character file.

111 dobroeutro the Cudgeler (level 4, -8/28 HPs)
             Began as a Gargoyle Fighter on Apr 28, 2016.
             Killed by nerve-wracking pain
             ... invoked by Grinder
              (11 damage)
             ... on level 3 of the Dungeon.
             The game lasted 00:02:12 (1354 turns).

dobroeutro the Cudgeler (Gargoyle Fighter)          Turns: 1354, Time: 00:02:13

Health: -8/28      AC: 15    Str: 21    XL:     4   Next: 92%
Magic:  4/4        EV:  5    Int:  8    God:
Gold:   118        SH: 13    Dex:  9    Spells: 0 memorised, 3 levels left

rFire  . . .     SeeInvis .     t - +1 mace (protect)
rCold  . . .     Gourm    .     b - +0 scale mail
rNeg   + . .     Faith    .     r - +0 large shield
rPois  ∞         Spirit   .     (no helmet)
rElec  +         Dismiss  .     (no cloak)
rCorr  .         Reflect  .     (no gloves)
SustAt .         Harm     .     (no boots)
MR     .....                    (no amulet)
Stlth  ..........               (no ring)
                                (no ring)

@: not resistant to hostile enchantments, extremely unstealthy
A: negative energy resistance 1, electricity resistance, unbreathing,
petrification resistance, rot immunity, AC +3
a: no special abilities


You were on level 3 of the Dungeon.
You were near starving.

You visited 1 branch of the dungeon, and saw 3 of its levels.

You collected 118 gold pieces.

Inventory:

Hand Weapons
 a - a +0 flail
 t - a +1 mace of protection (weapon)
Armour
 b - a +0 scale mail (worn)
 c - a +0 shield
 r - a +0 large shield (worn)
Scrolls
 e - 3 scrolls of teleportation {unknown}
 g - a scroll of amnesia {unknown}
 i - 7 scrolls of identify {unknown}
 p - a scroll of magic mapping {unknown}
 s - a scroll of recharging {unknown}
Potions
 d - 2 potions of might
 h - a potion of heal wounds {unknown}
 k - 2 potions of berserk rage {unknown}
 m - 2 potions of brilliance {unknown}
 n - 2 potions of ambrosia {unknown}
 q - a potion of haste {unknown}
Comestibles
 f - 2 bread rations
 j - 2 meat rations
 l - 2 slices of pizza
 o - a royal jelly


   Skills:
 - Level 3.2 Fighting
 + Level 4.9 Maces & Flails
 - Level 3.2 Armour
 - Level 3.2 Shields


You had 3 spell levels left.
You didn't know any spells.

Dungeon Overview and Level Annotations

Branches:
Dungeon (3/15)

Altars:
Elyvilon
Zin
The Shining One

Annotations:
D:3 Grinder


Innate Abilities, Weirdness & Mutations

You are resistant to torment.
Your stone body is resilient (AC +3).
You are immune to poison.
You resist negative energy.
You are resistant to electric shocks.
You can survive without breathing.
You are immune to petrification.
You are immune to rotting.


Message History

Grinder barely misses you.
Grinder blinks!
Grinder gestures at you. Pain shoots through your body!
* * * LOW HITPOINT WARNING * * *
Grinder blinks!
Grinder gestures at you. Pain shoots through your body!
* * * LOW HITPOINT WARNING * * *
Grinder gestures at you.
You barely resist.
You see here the felid corpse of Natasha.
Found a scroll labeled FUEVACL RIYLUE.
Grinder blinks!
Grinder says, "Tell me all your secrets, or I'll kill you."
You see here a scroll labeled FUEVACL RIYLUE.
i - 7 scrolls labeled FUEVACL RIYLUE (gained 1)
You block Grinder's attack. Grinder gestures at you.
Pain shoots through your body!
You die...

### #[#
#############.#
#.......5.@...#
#.###########.## ##
#.# #<......# .# #.#
######..#
.######.###########..#
..†.5...........>##..#
.####.######.#.####..#
.# #.# #.#.####..# .#
#+# #.#....#..#


You could see Grinder.

Vanquished Creatures
  Natasha (D:3)
  An adder (D:2)
  An ooze (D:2)
  2 worms
  2 dart slugs
  3 giant geckos
  3 orcs (D:3)
  4 bats (D:1)
  2 giant cockroaches
  4 goblins
  5 hobgoblins
  6 jackals
  4 giant newts
  8 kobolds
  10 rats
56 creatures vanquished.

Notes
Turn   | Place    | Note
--------------------------------------------------------------
     0 | D:1      | dobroeutro the Gargoyle Fighter began the quest for the Orb.
     0 | D:1      | Reached XP level 1. HP: 14/14 MP: 1/1
    48 | D:1      | Reached XP level 2. HP: 19/19 MP: 2/2
   149 | D:1      | Reached skill level 3 in Maces & Flails
   384 | D:1      | Reached XP level 3. HP: 23/23 MP: 3/3
   668 | D:2      | Reached skill level 4 in Maces & Flails
   921 | D:2      | Found a faded altar to an unknown god.
   931 | D:2      | Reached XP level 4. HP: 25/28 MP: 4/4
  1071 | D:2      | Found a glowing golden altar of the Shining One.
  1071 | D:2      | Found a white marble altar of Elyvilon.
  1072 | D:2      | Found a glowing silver altar of Zin.
  1213 | D:3      | Noticed Natasha
  1233 | D:3      | Killed Natasha
  1261 | D:3      | Noticed Grinder
  1292 | D:3      | Paralysed by Grinder for 5 turns
  1304 | D:3      | Paralysed by Grinder for 6 turns
  1314 | D:3      | HP: 1/28 [Grinder/nerve-wracking pain (10)]
  1330 | D:3      | HP: 1/28 [Grinder/nerve-wracking pain (1)]
  1354 | D:3      | Killed from afar by Grinder

Skill      XL: |  1  2  3 |
---------------+----------+-----
Maces & Flails | 3 4 |  4.9
Fighting       | |  3.2
Armour         | |  3.2
Shields        | |  3.2

Action                   |  1- 3 |  4- 6 || total
-------------------------+-------+-------++-------
Melee: Flail             |   148 |    31 ||   179
       Mace              |       |    40 ||    40
Armor: Scale mail        |   105 |    43 ||   148
Dodge: Dodged            |    78 |    19 ||    97
Block: Shield            |    83 |    12 ||    95
       Large shield      |       |    16 ||    16
